 Dungeon Crawl Stone Soup version 0.31.0-32-g396128a36d (webtiles) character file.

Game seed: 17691725802313732009

31082 Peloso the Fencer (level 13, 0/102 (119) HPs)
             Began as a Minotaur Fighter on Apr 14, 2024.
             Was an Elder of Okawaru.
             Killed from afar by a catoblepas (3 damage)
             ... with a blast of calcifying dust
             ... while petrified by a catoblepas
             ... on level 3 of the Lair of Beasts.
             The game lasted 00:40:40 (19176 turns).

Peloso the Fencer (Minotaur Fighter)               Turns: 19176, Time: 00:40:40

HP:   0/102 (119)   AC: 27    Str: 22    XL:     13   Next: 24%
MP:   13/13         EV:  2    Int:  5    God:    Okawaru [****..]
Gold: 755           SH:  0    Dex: 17    Spells: 12/12 levels left

rFire   . . .        a - +2 long sword
rCold   . . .        d - +0 buckler
rNeg    + + +        J - +0 plate armour
rPois   ∞            (helmet restricted)
rElec   .            o - +2 cloak
rCorr   +            s - +2 pair of gloves
SInv    .            F - +2 pair of boots of Parlour Games {Dex+3}
Will    .....        (no amulet) Stlth
                     i - ring of resist corrosion
HPRegen 0.37/turn    R - ring of poison resistance
MPRegen 0.13/turn

%: no passive effects
@: petrified, heavily drained
A: horns 2, retaliatory headbutt
a: Renounce Religion, Heroism, Finesse


You were on level 3 of the Lair of Beasts.
You worshipped Okawaru.
Okawaru was greatly pleased with you.
You visited 3 branches of the dungeon, and saw 15 of its levels.
You also visited: Ice Cave and Volcano.

You collected 1427 gold pieces.
You spent 672 gold pieces at shops.

Inventory:

Hand Weapons
 a - a +2 long sword (weapon)
 b - a +2 hand axe of flaming
Armour
 d - a +0 buckler (worn)
 o - a +2 cloak (worn)
 s - a +2 pair of gloves (worn)
 F - the +2 pair of boots of Parlour Games (worn) {Dex+3}
   (You bought it in a shop on level 5 of the Dungeon)

   Dex+3:     It affects your dexterity (+3).
 J - a +0 plate armour (worn)
Jewellery
 i - a ring of resist corrosion (left hand)
 v - the ring of Desmish {Fire Slay+2}
   (You found it in an ice cave)

   [ring of fire]

   Fire:      It enhances your fire magic.
   Slay+2:    It affects your accuracy & damage with ranged weapons and melee
   (+2).
   rF+:       It protects you from fire.
   rC-:       It makes you vulnerable to cold.
 y - a ring of fire
 C - a ring of ice
 R - a ring of poison resistance (right hand)
Talismans
 N - a serpent talisman
Wands
 x - a wand of iceblast (7)
 S - a wand of quicksilver (3)
Scrolls
 e - a scroll of noise
 g - 2 scrolls of brand weapon
 h - a scroll of revelation
 j - a scroll of fear
 k - 8 scrolls of teleportation
 m - a scroll of immolation
 t - a scroll of silence
 B - 2 scrolls of poison
 P - 3 scrolls of fog
Potions
 n - a potion of haste
 q - 2 potions of resistance
 z - 3 potions of enlightenment
 I - 3 potions of heal wounds


   Skills:
 + Level 12.3 Fighting
 + Level 15.8 Long Blades
 + Level 0.6 Axes
 + Level 14.7 Armour
 + Level 4.2 Dodging
 + Level 1.8 Stealth
 + Level 10.7 Shields
 + Level 2.3 Invocations
 + Level 2.2 Evocations


You had 12 spell levels left.
You didn't know any spells.
Your spell library contained the following spells:

 Spells                   Type           Power      Damage    Failure   Level
 Freeze                   Ice            0%         1d3       99%         1
 Blink                    Tloc           0%         N/A       100%        2
 Lesser Beckoning         Tloc           0%         N/A       100%        2
 Momentum Strike          Conj/Tloc      0%         3d8       100%        2
 Scorch                   Fire           0%         2d5       100%        2
 Sublimation of Blood     Necr           0%         N/A       100%        2
 Frozen Ramparts          Ice            0%         1d1       100%        3
 Fugue of the Fallen      Necr           0%         N/A       100%        3
 Hailstorm                Conj/Ice       0%         3d5       100%        3
 Inner Flame              Hex/Fire       0%         N/A       100%        3
 Ozocubu's Armour         Ice            0%         N/A       100%        3
 Dimensional Bullseye     Hex/Tloc       0%         N/A       100%        4
 Flame Wave               Conj/Fire      0%         2d4       100%        4
 Iskenderun's Mystic Bla  Conj/Tloc      0%         2d3       100%        4
 Manifold Assault         Tloc           0%         N/A       100%        4
 Olgreb's Toxic Radiance  Alch           0%         N/A       100%        4
 Petrify                  Alch/Erth      0%         N/A       100%        4
 Vhi's Electric Charge    Tloc/Air       0%         N/A       100%        4
 Arcjolt                  Conj/Air       0%         1d10      100%        5
 Borgnjor's Vile Clutch   Necr/Erth      0%         N/A       100%        5
 Irradiate                Conj/Alch      0%         3d11      100%        5
 Ozocubu's Refrigeration  Ice            0%         4d7       100%        7
 Discord                  Hex            0%         N/A       100%        8
 Ignition                 Fire           0%         3d3       100%        8
 Maxwell's Capacitive Co  Air            0%         ∞         100%        8
 Summon Small Mammal      Summ           Unusable   N/A       N/A         1
 Call Canine Familiar     Summ           Unusable   N/A       N/A         3
 Tukima's Dance           Hex            Unusable   N/A       N/A         3
 Animate Dead             Necr           Unusable   N/A       N/A         4
 Summon Blazeheart Golem  Fire/Summ      Unusable   N/A       N/A         4
 Death Channel            Necr           Unusable   N/A       N/A         6
 Summon Cactus Giant      Summ           Unusable   N/A       N/A         6

Dungeon Overview and Level Annotations

Branches:
Dungeon (11/15)            Temple (1/1) D:5            Lair (3/5) D:8
 Shoals (0/4) Lair:3          Orc (0/2) D:10          IceCv (visited)
Volcano (visited)
  Snake: Lair:2-3    Spider: Lair:2-3

Altars:
Ashenzari
Cheibriados
Dithmenos
Elyvilon
Fedhas
Gozag
Hepliaklqana
Kikubaaqudgha
Makhleb
Nemelex Xobeh
Okawaru
Qazlal
Ru
Sif Muna
Trog
Uskayaw
Vehumet
Wu Jian
Xom
Yredelemnul
Zin
The Shining One

Shops:
D:1 *   D:5 *   D:7 *

Annotations:
Lair:2 Casa


Innate Abilities, Weirdness & Mutations

You have a pair of horns on your head.
You reflexively headbutt those who attack you in melee.


Message History

The polar bear claws you.
The catoblepas gores you but does no damage.
You are engulfed in calcifying dust.
The catoblepas breathes a plume of calcifying dust at you.
The blast of calcifying dust hits you. The polar bear bites you.
The polar bear claws you.
* * * LOW HITPOINT WARNING * * *
The polar bear claws you but does no damage.
You are engulfed in calcifying dust.
The polar bear bites you but does no damage.
The polar bear claws you but does no damage.
The polar bear barely misses you.
The catoblepas breathes a plume of calcifying dust at you.
The blast of calcifying dust hits you but does no damage.
The catoblepas breathes a plume of calcifying dust at you.
The blast of calcifying dust hits you.
* * * LOW HITPOINT WARNING * * *
The polar bear bites you but does no damage.
The polar bear claws you but does no damage.
The polar bear completely misses you.
You are engulfed in calcifying dust.
The catoblepas gores you!!
* * * LOW HITPOINT WARNING * * *
The polar bear bites you but does no damage.
The polar bear claws you but does no damage. x2
You are engulfed in calcifying dust.
The polar bear bites you but does no damage.
The polar bear claws you but does no damage. x2
The catoblepas breathes a plume of calcifying dust at you.
The blast of calcifying dust hits you.
* * * LOW HITPOINT WARNING * * *
You are engulfed in calcifying dust.
The catoblepas gores you!!
* * * LOW HITPOINT WARNING * * *
The polar bear bites you but does no damage.
The polar bear claws you but does no damage.
The polar bear claws you.
* * * LOW HITPOINT WARNING * * *
You are engulfed in calcifying dust.
The catoblepas breathes a plume of calcifying dust at you.
The blast of calcifying dust hits you!
You die...

...)...................
.......................
......)...............
...###....###.........
...# ##...##P..P##.#.
)).#####÷###...##..#####
..+.......###..+......P.
..##......P#...Y.......+
...##......#...#@......#
<.###...####..hh#§....#.
..###.#..####..###...##
...##'#...###... .###
........<....... .
....[............ ..
..÷.............. ..
.................. ...
......[.......Y


You could see a catoblepas, a polar bear and a hound.

Vanquished Creatures
  A fire dragon (Volcano)
  A hydra (Lair:2)
  2 ironbound frosthearts (IceCv)
  2 boulder beetles (D:11)
  A two-headed ogre (D:11)
  5 death yaks (IceCv)
  Amaemon (Lair:2)
  A lindwurm (Volcano)
  An ugly thing (D:11)
  2 deep elf pyromancers
  7 elephants
  An ice statue (IceCv)
  5 black mambas
  An orange demon (Lair:2)
  2 cane toads
  Maggie (Lair:2)
  2 molten gargoyles (Volcano)
  4 rime drakes
  2 komodo dragons
  A troll (D:11)
  5 polar bears (IceCv)
  A hornet (D:8)
  Sigmund (D:3)
  3 wyverns
  2 wraiths
  A basilisk (D:8)
  27 yaks
  Grum (D:11)
  5 fire bats (Volcano)
  4 steam dragons
  2 hell hounds (Volcano)
  3 water moccasins
  An ice beast (D:6)
  A black bear (D:8)
  5 orc warriors
  An ogre (D:5)
  22 wolves
  5 centaurs
  3 phantoms
  6 kobold brigands
  6 bullfrogs
  4 scorpions
  7 wights
  3 killer bees (D:9)
  3 howler monkeys
  4 hounds
  3 lava snakes (Volcano)
  2 bombardier beetles
  4 jellies
  7 orc priests
  3 gnoll boudas
  A sleepcap (D:5)
  5 iguanas
  7 orc wizards
  7 adders
  13 gnolls
  A shadow imp (D:5)
  2 white imps
  2 ufetubi (D:6)
  2 ribbon worms
  2 dart slugs
  31 orcs
  3 ball pythons
  4 bats
  7 endoplasms
  5 giant cockroaches
  5 hobgoblins (D:1)
  33 kobolds
  6 quokkas
  3 frilled lizards
  6 goblins
333 creatures vanquished.

Vanquished Creatures (others)
  A polar bear (IceCv)
  A yak (IceCv)
  An orc wizard (D:10)
  A kobold (D:10)
4 creatures vanquished.

Grand Total: 337 creatures vanquished

Notes
Turn   | Place    | Note
-------+----------+-------------------------------------------
     0 | D:1      | Peloso the Minotaur Fighter began the quest for the Orb.
     0 | D:1      | Reached XP level 1. HP: 19/19 MP: 0/0
   227 | D:1      | Reached XP level 2. HP: 27/27 MP: 1/1
   605 | D:1      | Found Foceitogu's General Store.
   611 | D:1      | Bought a potion of degeneration for 14 gold pieces
   692 | D:1      | Reached XP level 3. HP: 23/33 MP: 2/2
  1528 | D:1      | Bought a potion of curing for 42 gold pieces
  1593 | D:2      | Reached XP level 4. HP: 34/40 MP: 3/3
  1601 | D:2      | Reached skill level 3 in Long Blades
  1639 | D:3      | Noticed Sigmund
  1661 | D:3      | Killed Sigmund
  1662 | D:3      | Reached skill level 4 in Long Blades
  1662 | D:3      | Reached skill level 5 in Armour
  1662 | D:3      | Reached XP level 5. HP: 12/46 MP: 4/4
  1662 | D:3      | Reached XP level 6. HP: 14/52 MP: 5/5
  1737 | D:1      | Bought a scroll of teleportation for 42 gold pieces
  1859 | D:3      | Found a shimmering altar of Xom.
  1985 | D:3      | Reached skill level 5 in Long Blades
  1985 | D:3      | Reached skill level 5 in Shields
  3037 | D:4      | Reached skill level 1 in Stealth
  3079 | D:4      | Reached skill level 6 in Long Blades
  3079 | D:4      | Reached XP level 7. HP: 51/60 MP: 6/6
  3397 | D:5      | Entered Level 5 of the Dungeon
  3587 | D:5      | Found a staircase to the Ecumenical Temple.
  3602 | D:5      | You fall into a shaft and drop 3 floors!
  3662 | D:8      | Noticed a yak
  3684 | D:8      | Reached skill level 1 in Dodging
  3717 | D:7      | Reached skill level 5 in Fighting
  3846 | D:7      | Reached skill level 7 in Long Blades
  3870 | D:7      | Found Tisubbam's Assorted Antiques.
  4087 | D:5      | Reached XP level 8. HP: 69/69 MP: 7/7
  4305 | D:5      | Found Ivi Xauvil's Assorted Antiques.
  4395 | D:5      | Reached skill level 8 in Long Blades
  4425 | Temple   | Entered the Ecumenical Temple
  4441 | Temple   | Became a worshipper of Warmaster Okawaru
  5378 | D:6      | Reached skill level 9 in Long Blades
  5700 | D:6      | Reached * piety under Okawaru
  5873 | D:7      | Reached XP level 9. HP: 78/78 MP: 8/8
  5910 | D:7      | Bought a white potion for 24 gold pieces
  6227 | D:7      | Found a sparkling altar of Nemelex Xobeh.
  6590 | D:5      | Bought a pair of faintly glowing boots for 275 gold pieces
  6590 | D:5      | Identified the +2 pair of boots of Parlour Games {Dex+3}
                  | (You bought it in a shop on level 5 of the Dungeon)
  6870 | D:8      | Reached skill level 10 in Long Blades
  6994 | D:8      | Reached ** piety under Okawaru
  7335 | D:8      | Reached skill level 11 in Long Blades
  7423 | D:8      | Found a staircase to the Lair.
  7439 | D:8      | Found a white marble altar of Elyvilon.
  7506 | D:8      | Noticed an elephant
  7534 | D:8      | Killed an elephant
  7535 | D:8      | Reached skill level 1 in Invocations
  7535 | D:8      | Reached XP level 10. HP: 62/88 MP: 9/9
  7947 | D:8      | Reached *** piety under Okawaru
  9323 | D:10     | Entered Level 10 of the Dungeon
  9397 | D:10     | Noticed a deep elf pyromancer
  9445 | D:10     | Killed a deep elf pyromancer
  9777 | D:10     | Found an ornate altar of the Wu Jian Council.
  9800 | D:10     | Reached **** piety under Okawaru
  9810 | D:10     | Reached skill level 12 in Long Blades
  9824 | D:10     | Reached skill level 10 in Armour
  9869 | D:10     | Found a broken altar of Ashenzari.
  9869 | D:10     | Found a bloodstained altar of Trog.
  9869 | D:10     | Found a basalt altar of Yredelemnul.
  9875 | D:10     | Found a sacrificial altar of Ru.
  9875 | D:10     | Found a hide-covered altar of Uskayaw.
 10274 | D:10     | Found a staircase to the Orcish Mines.
 10360 | D:11     | Noticed a deep elf pyromancer
 10360 | D:11     | Noticed a boulder beetle
 10367 | D:11     | Killed a deep elf pyromancer
 10410 | D:11     | Killed a boulder beetle
 10410 | D:11     | Reached ***** piety under Okawaru
 10411 | D:11     | Reached XP level 11. HP: 8/97 MP: 8/10
 10504 | D:11     | Found a frozen archway.
 10713 | IceCv    | Entered an ice cave
 10728 | IceCv    | Reached skill level 1 in Evocations
 10875 | IceCv    | Reached skill level 13 in Long Blades
 11580 | IceCv    | Received a gift from Okawaru
 11810 | IceCv    | Reached skill level 10 in Fighting
 11902 | IceCv    | Reached skill level 14 in Long Blades
 13274 | IceCv    | Noticed an ironbound frostheart
 13284 | IceCv    | Killed an ironbound frostheart
 13284 | IceCv    | Received a gift from Okawaru
 13303 | IceCv    | Noticed an ironbound frostheart
 13757 | IceCv    | Killed an ironbound frostheart
 13954 | IceCv    | Noticed a death yak
 13957 | IceCv    | Noticed a death yak
 13985 | IceCv    | Killed a death yak
 14262 | IceCv    | Identified the ring of Desmish {Fire Slay+2}
 14348 | IceCv    | Reached XP level 12. HP: 100/107 MP: 11/11
 14349 | IceCv    | Noticed a death yak
 14349 | IceCv    | Noticed a death yak
 14357 | IceCv    | Noticed a death yak
 14363 | IceCv    | Killed a death yak
 14756 | IceCv    | Killed a death yak
 14756 | IceCv    | Received a gift from Okawaru
 14801 | IceCv    | Killed a death yak
 14815 | IceCv    | Killed a death yak
 14987 | D:11     | Reached skill level 15 in Long Blades
 14991 | D:11     | Noticed a two-headed ogre
 15008 | D:11     | Killed a two-headed ogre
 15135 | D:11     | Noticed a boulder beetle
 15136 | D:11     | Noticed Grum
 15153 | D:11     | Killed Grum
 15187 | D:11     | Killed a boulder beetle
 15392 | D:5      | Bought a pair of faintly glowing gloves for 275 gold pieces
 15392 | D:5      | Identified the +1 pair of gloves of the Orb {Rampage} (You
                  | bought it in a shop on level 5 of the Dungeon)
 16124 | Lair:1   | Entered Level 1 of the Lair of Beasts
 16711 | Lair:2   | Reached skill level 10 in Shields
 16722 | Lair:2   | Received a gift from Okawaru
 16759 | Lair:2   | Found a dark tunnel.
 16951 | Volcano  | Entered a volcano
 17157 | Volcano  | Found a burning altar of Makhleb.
 17184 | Volcano  | Noticed a fire dragon
 17202 | Volcano  | Killed a fire dragon
 17382 | Volcano  | Reached XP level 13. HP: 100/118 MP: 10/13
 17567 | Lair:2   | Noticed Amaemon
 17587 | Lair:2   | Killed Amaemon
 18153 | Lair:2   | Noticed Maggie
 18168 | Lair:2   | Killed Maggie
 18806 | Lair:3   | Found a staircase to the Shoals.
 19175 | Lair:3   | HP: 5/102 [catoblepas (12)]
 19176 | Lair:3   | Killed from afar by a catoblepas

Illustrated notes

Levels and vault maps discovered:
D:1:      scummos_arrival_forest, layout_rooms, serial_shops,
          nicolae_shop_competitors_out_of_business, minmay_misc_feat_tiny,
          chequers_serial_rivers_micro_a, minmay_misc_feat_rows
D:2:      layout_loops_ring, chequers_garden, hangedman_feature_mirror,
          minmay_misc_feat_alley
D:3:      layout_loops_cross, xom_butterflies, uniq_sigmund
D:4:      layout_loops_ring, kennysheep_potato
D:5:      layout_basic, temple_pool_b, serial_shops, shop_statue
D:6:      layout_rooms, kennysheep_dice
D:7:      layout_loops_ring, lemuel_round_altar, serial_shops,
          nicolae_shop_waterfront, minivault_5, grunt_decor_junction
D:8:      layout_basic, elyvilon_altar_4, grunt_lair_entry_orc_guard_hut
D:9:      layout_layer_cave, library_closet
D:10:     layout_basic, minmay_overflow_temple_hex, orc_0_dummy, kennysheep_nub
D:11:     layout_cave_pools, portal_ice_cave_rime, minmay_splitting_lines,
          uniq_grum
Temple:   oiseaux_autumnal_temple
Lair:1:   layout_hall_layers, infiniplex_staircase_pool_2
Lair:2:   layout_small_grid, enter_volcano_1, uniq_maggie, uniq_amaemon
Lair:3:   layout_regular_city, minmay_shoals_entry_centaurs,
          nicolae_spider_entry_non_spiders, beast_lair_carwin_5

Skill      XL: |  1  2  3  4  5  6  7  8  9 10 11 12 13 |
---------------+----------------------------------------+-----
Armour         | 4 5 6 8 9 10 12 14 | 14.7
Shields        | 4 5 6 7 8 9 10 | 10.7
Long Blades    | 4 6 7 9 11 12 14 15 | 15.8
Fighting       | 4 5 6 7 9 10 12 | 12.3
Stealth        | 1 |  1.8
Dodging        | 1 2 3 4 |  4.2
Invocations    | 1 2 |  2.3
Evocations     | 2 |  2.2
Axes           | |  0.6

Action                     |  1- 3 |  4- 6 |  7- 9 | 10-12 | 13-15 || total
---------------------------+-------+-------+-------+-------+-------++-------
  Melee: Long sword        |    90 |   149 |   386 |   823 |   104 ||  1552
         Headbutt          |    13 |    11 |    80 |   246 |    41 ||   391
         Hand axe          |       |       |       |       |     9 ||     9
 Invoke: Heroism           |       |       |     2 |    17 |     4 ||    23
  Evoke: Wand              |       |       |       |    10 |       ||    10
    Use: Potion            |       |     2 |       |     7 |       ||     9
         Scroll            |       |     4 |     4 |    22 |     1 ||    31
 Armour: Chain mail        |    72 |   135 |   277 |   101 |       ||   585
         Scale mail        |     2 |       |       |       |       ||     2
         Plate armour      |       |       |       |   521 |   236 ||   757
  Dodge: Dodged            |    35 |    61 |   158 |   254 |    70 ||   578
  Block: Buckler           |    21 |    30 |   113 |   208 |    65 ||   437
